 Dungeon Crawl Stone Soup version 0.25-a0-578-gc91f01c (webtiles) character file.

Game seed: 17049603974081643563, levelgen mode: deterministic

66 2FriedEggs the Digger (level 3, -1/14 HPs)
             Began as a Felid Earth Elementalist on Mar 3, 2020.
             Slain by a gnoll shaman
             ... wielding a +0 club
              (5 damage)
             ... on level 1 of the Dungeon.
             The game lasted 00:03:18 (1630 turns).

2FriedEggs the Digger (Felid Earth Elementalist)    Turns: 1630, Time: 00:03:19

Health: -1/14      AC:  1    Str:  4    XL:     3   Next: 96%
Magic:  0/7        EV: 19    Int: 17    God:
Gold:   77         SH:  0    Dex: 16    Spells: 2/6 levels left
                                        Lives:  0   Deaths: 0

rFire    . . .     SeeInvis +   (weapon unavailable)
rCold    . . .     Gourm    .   (shield unavailable)
rNeg     . . .     Faith    .   (armour unavailable)
rPois    .         Spirit   .   (helmet unavailable)
rElec    .         Reflect  .   (cloak unavailable)
rCorr    .         Harm     .   (gloves unavailable)
MR       .....                  (boots unavailable)
Stlth    +++.......             (no amulet)
HPRegen  0.04/turn              (no ring)
MPRegen  0.10/turn              (no ring)

@: very slightly contaminated, quick
A: very small, no armour, no weapons or thrown items, stealth, claws 1, fangs 3,
see invisible, carnivore, speed 1, sense surroundings 1, shaggy fur 1, slow
metabolism 1, sharp paws
a: no special abilities


You were on level 1 of the Dungeon.
You were completely stuffed.

You visited 1 branch of the dungeon, and saw 2 of its levels.

You collected 77 gold pieces.

Inventory:

Missiles
 b - 20 stones
Scrolls
 e - a scroll of teleportation {unknown}
 f - 2 scrolls of remove curse {unknown}
 h - a scroll of magic mapping {unknown}
Comestibles
 a - a chunk of flesh
 c - a ration


   Skills:
 + Level 3.4 Dodging
 + Level 3.4 Stealth
 + Level 2.4 Spellcasting
 * Level 0.6 Conjurations
   Level 1.1 Transmutations
 * Level 3.5 Earth Magic


You had 2 spell levels left.
You knew the following spells:

 Your Spells              Type           Power        Failure   Level  Hunger
a - Sandblast             Erth           ##....       4%          1    #......
b - Stone Arrow           Conj/Erth      #.....       24%         3    ###....

Your spell library contained the following spells:

 Spells                   Type           Power        Failure   Level  Hunger
 Passwall                 Tmut/Erth      #.......     11%         2    ##.....
 Petrify                  Tmut/Erth      #.......     58%         4    #####..
 Lee's Rapid Deconstruct  Erth           ##........   77%         5    ######.


Dungeon Overview and Level Annotations

Branches:
Dungeon (2/15)

Altars:

Annotations:
D:2 Sigmund


Innate Abilities, Weirdness & Mutations

You cannot wear armour.
You are incapable of wielding weapons or throwing items.
Your paws allow you to move quietly. (Stealth)
You have sharp claws.
You have razor-sharp teeth.
You have supernaturally acute eyesight. (SInv)
You are carnivorous and can eat meat at any time.
You cover ground quickly.
You are covered in fur. (AC +1)
You have a slow metabolism.
Your sharp claws are effective at attacking unaware monsters.
You passively map a small area around you.


Message History

The gnoll shaman closely misses you.
You scratch the gnoll shaman but do no damage.
The gnoll shaman is moderately wounded.
The gnoll shaman hits you but does no damage.
You scratch the gnoll shaman but do no damage.
The gnoll shaman is moderately wounded.
The gnoll shaman hits you but does no damage.
You scratch the gnoll shaman.
The gnoll shaman is moderately wounded.
The gnoll shaman hits you with a +0 club.
You scratch the gnoll shaman but do no damage.
You bite the gnoll shaman, but do no damage.
The gnoll shaman is moderately wounded.
The gnoll shaman hits you with a +0 club.
* * * LOW HITPOINT WARNING * * *
You scratch the gnoll shaman but do no damage.
You bite the gnoll shaman, but do no damage.
The gnoll shaman is moderately wounded.
The gnoll shaman hits you with a +0 club.
You die...

#.# #.#
#.g.........# #.#
#.# #...........#
# #.### #.#
####g..#..#...#
## #..(# #.#
#......#.....##
.#####.# #.#
#.###....#####
### ....##.# #รท#
#.#
####.#######..
.##.##.# #.# #.#
#.......#.#
###.##.# #.###g##
#..####.#.# #
#.##.# #....@.#
#..# #.#.# #.##.#
#####..# #..#
#.#.#
#.##.#########..#
#..# #.#.#
#.##............#
#..# #.#.#
#.#############.#
#..# #.#.# #.#
#.# #..# #.#.#
#.# #.# #..#
##.#.# #.######
#.# #..###.....
#......#
#.#####.....^..#.


You could see a gnoll shaman.

Vanquished Creatures
  A gnoll (D:2)
  2 adders (D:2)
  2 dart slugs (D:1)
  A ball python (D:2)
  2 giant cockroaches (D:1)
  7 goblins
  8 hobgoblins
  3 frilled lizards (D:1)
  3 kobolds
  6 rats
35 creatures vanquished.

Notes
Turn   | Place    | Note
-------+----------+-------------------------------------------
     0 | D:1      | 2FriedEggs the Felid Earth Elementalist began the quest for
                  | the Orb.
     0 | D:1      | Reached XP level 1. HP: 7/7 MP: 4/4
   130 | D:1      | Reached XP level 2. HP: 11/11 MP: 1/6
   850 | D:1      | Reached XP level 3. HP: 14/14 MP: 7/7
   875 | D:1      | Learned a level 3 spell: Stone Arrow
  1171 | D:2      | Gained mutation: You passively map a small area around you.
                  | [potion of mutation]
  1179 | D:2      | Noticed Sigmund
  1630 | D:1      | Slain by a gnoll shaman

Levels and vault maps discovered:
D:1:      minmay_arrival_stone_box, layout_loops_ring
D:2:      layout_basic, tso_altar, uniq_sigmund, uniq_robin

Skill      XL: |  1  2 |
---------------+-------+-----
Stealth        | 3 |  3.4
Dodging        | 3 |  3.4
Earth Magic    | 3 |  3.5
Spellcasting   | |  2.4
Conjurations   | |  0.6
Transmutations | |  1.1

Action                   || total
-------------------------++-------
Melee: Unarmed           ||    78
       Bite              ||     5
 Cast: Sandblast         ||    29
  Use: Potion            ||     3
 Stab: Sleeping          ||    13
  Eat: Chunk             ||     9
Armor: Skin              ||     3
Dodge: Dodged            ||    52

Table legend:
 A = Non-vault XP
 B = Vault XP
 C = Vault XP percentage of total XP
 D = Non-vault monster count
 E = Vault monster count
 F = Vault count percentage of total count
                 A         B        C        D         E       F
            +---------+---------+-------+---------+---------+-------
      Total |      95 |       0 |   0.0 |      35 |       0 |   0.0
            +---------+---------+-------+---------+---------+-------
        D:1 |      45 |       0 |   0.0 |      26 |       0 |   0.0
        D:2 |      50 |       0 |   0.0 |       9 |       0 |   0.0
            +---------+---------+-------+---------+---------+-------
